 Dungeon Crawl Stone Soup version 0.22-a0-799-g88f5e90 (webtiles) character file.

250670 sking99 the Thaumaturge (level 19, -5/148 HPs)
             Began as a Gnoll Wizard on July 21, 2018.
             Was the Champion of Ashenzari.
             Slain by a merfolk impaler
             ... wielding a +1 trident of protection
              (11 damage)
             ... on level 4 of the Shoals.
             The game lasted 02:25:38 (62447 turns).

sking99 the Thaumaturge (Gnoll Wizard)             Turns: 62447, Time: 02:25:38

Health: -5/148     AC: 14    Str: 11    XL:     19   Next: 63%
Magic:  4/37       EV: 21    Int: 30    God:    Ashenzari [******]
Gold:   2969       SH: 18    Dex: 14    Spells: 5/46 levels left

rFire    . . .     SeeInvis +   o - +5 demon whip (venom) (curse)
rCold    + . .     Gourm    .   R - +0 shield (curse)
rNeg     . . .     Faith    .   n - +2 robe {MR+}
rPois    +         Spirit   .   G - +2 hat {SInv}
rElec    .         Reflect  +   w - +0 cloak
rCorr    .         Harm     .   p - +1 pair of gloves
MR       ++...     Clarity  +   (no boots)
Stlth    +++++.....             z - amulet of Sedot {Reflect rPois rC+ SH+5} (curse)
HPRegen  0.34/turn              N - +3 ring of protection (curse)
MPRegen  0.25/turn              k - +3 ring of intelligence (curse)

@: about to teleport, radiating poison, barbed spikes, studying Ice Magic
A: distributed training, fangs 1, strong nose
}: 2/15 runes: barnacled, gossamer
a: Curse Item, Scrying, Renounce Religion


You were on level 4 of the Shoals.
You worshipped Ashenzari.
Ashenzari was exalted by your worship.
You were not hungry.

You visited 6 branches of the dungeon, and saw 32 of its levels.
You also visited: Sewer and Ice Cave.

You collected 3069 gold pieces.
You spent 100 gold pieces at shops.

Inventory:

Hand Weapons
 o - a cursed +5 demon whip of venom (weapon)
 W - a +1 vampiric demon blade
Armour
 n - a +2 robe of magic resistance (worn)
 p - a +1 pair of gloves (worn)
 w - a +0 cloak (worn)
 G - a +2 hat of see invisible (worn)
 R - a cursed +0 shield (worn)
Jewellery
 k - a cursed +3 ring of intelligence (right hand)
 z - the cursed amulet of Sedot (around neck) {Reflect rPois rC+ SH+5}
   (You bought it in a shop on level 4 of the Dungeon)

   [amulet of reflection]

   It shields you and reflects attacks.
   It protects you from cold.
   It protects you from poison.
   It affects your SH (+5).
   It has a curse placed upon it.
 M - an uncursed ring of protection from cold
 N - a cursed +3 ring of protection (left hand)
 O - an uncursed ring of flight
 V - an uncursed ring of magical power
Wands
 b - a wand of iceblast (8)
 t - a wand of acid (26)
 F - a wand of polymorph (29)
 I - a wand of random effects (61)
 J - a wand of disintegration (18)
 Q - a wand of digging (15)
 Z - a wand of enslavement (13)
Scrolls
 a - a scroll of acquirement {unknown}
 f - 6 scrolls of blinking
 i - 5 scrolls of enchant weapon
 l - 6 scrolls of magic mapping
 m - 5 scrolls of fear
 y - 4 scrolls of teleportation
 B - 13 scrolls of identify
 E - 6 scrolls of fog
 H - 2 scrolls of enchant armour
 K - 2 scrolls of amnesia
 P - a scroll of brand weapon
 X - 4 scrolls of remove curse
 Y - 2 scrolls of immolation
Potions
 c - 3 potions of heal wounds
 g - a potion of invisibility
 h - 2 potions of berserk rage
 j - 2 potions of resistance
 q - 2 potions of ambrosia
 r - 13 potions of curing
 s - 9 potions of magic
 u - 4 potions of brilliance
 v - a potion of cancellation
 x - a potion of agility
 A - 6 potions of flight
 C - 2 potions of mutation
 D - 6 potions of haste
 U - 3 potions of might
Books
 T - a manual of Ice Magic
Miscellaneous
 e - a box of beasts
 S - a phantom mirror
Comestibles
 d - 27 rations
 L - a chunk of flesh


   Skills:
 + Level 12.6 Fighting
 + Level 12.6 Short Blades
 + Level 12.6 Long Blades
 + Level 12.6 Axes
 + Level 12.6(16.7) Maces & Flails
 + Level 12.6 Polearms
 + Level 12.6 Staves
 + Level 12.6 Slings
 + Level 12.6 Bows
 + Level 12.6 Crossbows
 + Level 12.6 Throwing
 + Level 12.6 Armour
 + Level 13.3 Dodging
 + Level 13.2 Stealth
 + Level 12.6(15.2) Shields
 + Level 12.6 Unarmed Combat
 + Level 14.1 Spellcasting
 + Level 11.0(15.2) Conjurations
 + Level 10.8(15.0) Hexes
 + Level 10.8(15.0) Charms
 + Level 11.0(15.2) Summonings
 + Level 10.8(15.0) Necromancy
 + Level 11.0(15.2) Translocations
 + Level 10.8(15.0) Transmutations
 + Level 10.8(15.0) Fire Magic
 + Level 12.6(16.7) Ice Magic
 + Level 10.8(15.0) Air Magic
 + Level 10.8(15.0) Earth Magic
 + Level 10.8(15.0) Poison Magic
 + Level 13.6 Invocations
 + Level 12.6(16.7) Evocations


You had 5 spell levels left.
You knew the following spells:

 Your Spells              Type           Power        Failure   Level  Hunger
a - Iron Shot             Conj/Erth      #######...   1%          6    ####...
b - Airstrike             Air            #######...   1%          4    None
c - Throw Icicle          Conj/Ice       #######.     1%          4    None
d - Bolt of Magma         Conj/Fire/Erth #######...   1%          5    None
e - Olgreb's Toxic Radia  Pois           #######.     1%          4    None
f - Fireball              Conj/Fire      #######...   1%          5    None
g - Conjure Flame         Conj/Fire      #######.     0%          3    None
h - Mephitic Cloud        Conj/Pois/Air  #######.     0%          3    None
i - Magic Dart            Conj           ####         0%          1    None
j - Summon Ice Beast      Ice/Summ       #######.     1%          4    None
z - Blink                 Tloc           N/A          0%          2    None

Your spell library contained the following spells:

 Spells                   Type           Power        Failure   Level  Hunger
 Cause Fear               Hex            #######...   1%          4    None
 Bolt of Fire             Conj/Fire      #######...   1%          6    ####...
 Lightning Bolt           Conj/Air       #######...   1%          5    None
 Slow                     Hex            #######.     0%          2    None
 Confuse                  Hex            #######.     0%          3    None
 Throw Flame              Conj/Fire      ######       0%          2    None
 Throw Frost              Conj/Ice       ######       0%          2    None
 Ring of Flames           Chrm/Fire      #######...   4%          7    #####..
 Venom Bolt               Conj/Pois      #######...   1%          5    None
 Summon Small Mammal      Summ           ####         0%          1    None
 Iskenderun's Mystic Bla  Conj           #######.     1%          4    None
 Animate Dead             Necr           N/A          1%          4    None
 Pain                     Necr           ####         0%          1    None
 Animate Skeleton         Necr           N/A          0%          1    None
 Vampiric Draining        Necr           #######...   0%          3    None
 Freeze                   Ice            ####         0%          1    None
 Sticky Flame             Conj/Fire      #######.     1%          4    None
 Ozocubu's Armour         Chrm/Ice       #######.     0%          3    None
 Call Imp                 Summ           #######.     0%          2    None
 Regeneration             Chrm/Necr      #######...   0%          3    None
 Sting                    Conj/Pois      ####         0%          1    None
 Shock                    Conj/Air       ####         0%          1    None
 Swiftness                Chrm/Air       #######.     0%          2    None
 Spider Form              Tmut/Pois      #######...   0%          3    None
 Statue Form              Tmut/Erth      #######..    1%          6    ####...
 Dragon Form              Tmut           #######...   4%          7    #####..
 Confusing Touch          Hex            ######       0%          1    None
 Flame Tongue             Conj/Fire      #####        0%          1    None
 Ignite Poison            Fire/Tmut/Pois #######.     0%          3    None
 Call Canine Familiar     Summ           #######.     0%          3    None
 Metabolic Englaciation   Hex/Ice        #######...   1%          5    None
 Shatter                  Erth           #######...   99%         9    #######
 Static Discharge         Conj/Air       #######.     0%          3    None
 Corona                   Hex            #######      0%          1    None
 Portal Projectile        Hex/Tloc       ######       0%          3    None
 Petrify                  Tmut/Erth      #######.     1%          4    None
 Leda's Liquefaction      Hex/Erth       #######...   1%          4    None
 Inner Flame              Hex/Fire       #######.     0%          3    None
 Beastly Appendage        Tmut           ######       0%          1    None
 Fulminant Prism          Conj/Hex       #######...   1%          4    None
 Dazzling Spray           Conj/Hex       ######       0%          3    None
 Force Lance              Conj/Tloc      #######.     1%          4    None
 Searing Ray              Conj           ######       0%          2    None
 Hydra Form               Tmut           #######...   1%          6    ####...
 Irradiate                Conj/Tmut      #######...   1%          5    None
 Gell's Gravitas          Tloc           #######...   0%          3    None
 Yara's Violent Unravell  Hex/Tmut       #######...   1%          5    None
 Poisonous Vapours        Pois/Air       ######       0%          2    None
 Ignition                 Fire           #######...   30%         8    #######


Dungeon Overview and Level Annotations

Branches:
Dungeon (15/15)            Temple (1/1) D:7            Lair (6/6) D:9
 Shoals (4/4) Lair:4       Spider (4/4) Lair:3        Slime (0/5) Lair:5
    Orc (2/2) D:10            Elf (0/3) Orc:2        Vaults (0/5) D:14
 Depths (0/5) D:15

Altars:
Ashenzari
Cheibriados
Dithmenos
Elyvilon
Fedhas
Gozag
Hepliaklqana
Kikubaaqudgha
Makhleb
Nemelex Xobeh
Okawaru
Qazlal
Ru
Sif Muna
Trog
Uskayaw
Vehumet
Wu Jian
Xom
Yredelemnul
Zin
The Shining One
Beogh

Shops:
D:4 *   D:10 ?   D:11 *   Orc:2 }[!!*   Shoals:3 *   Shoals:4 **

Portals:
Pandemonium: Orc:2

Annotations:
Shoals:4 3 runed doors, exclusion: obsidian statue, mopl's ghost, adept DEAs


Innate Abilities, Weirdness & Mutations

Your experience applies equally to all skills.
You have very sharp teeth.
Your uncanny sense of smell can sniff out nearby items.


Message History

The merfolk looks even sicker. x2; The manticore closely misses you.
You block the manticore's attack. The manticore closely misses you.
The merfolk impaler hits you from afar with a trident of protection!
* * * LOW HITPOINT WARNING * * *
The merfolk completely misses you.
You feel much better.
The manticore looks as sick as possible!
The merfolk looks as sick as possible!
The merfolk impaler hits you from afar with a trident of protection!!
* * * LOW HITPOINT WARNING * * *
You block the merfolk's attack.
The manticore flicks its tail.
The volley of spikes misses you. The manticore closely misses you.
The manticore completely misses you.
The manticore claws you but does no damage.
The alligator snapping turtle bites you but does no damage.
The merfolk hits you from afar with a spear!
* * * LOW HITPOINT WARNING * * *
The merfolk impaler hits you from afar with a trident of protection!
You die...

≈≈≈≈≈≈≈≈≈≈≈≈≈........... ,≈
≈ ≈≈≈
≈≈≈≈≈#PP≈P≈≈≈........... ,
≈≈ ≈
≈≈≈≈≈###P≈PP≈≈.†........,,≈≈
≈ ≈≈
≈≈≈≈#≈P≈P≈≈#≈≈≈......... ≈≈
≈ ≈≈≈≈#≈≈≈≈≈≈#≈≈≈.........,
≈ ≈≈≈
≈≈≈≈≈≈≈≈≈≈≈P≈...m....... , ≈
≈≈
≈≈≈P≈≈≈≈≈≈.P..mtmm......,,≈≈
≈≈ ≈
≈≈≈P≈≈≈≈≈..........≈#≈#≈, ≈
≈ ≈≈≈#≈≈≈≈..#....H@.≈#≈≈≈# ,
≈ ≈ ≈≈≈#)≈P≈PP#....≈≈.#≈≈≈≈≈
,≈≈≈ ≈≈≈
≈≈.PPPP###.....≈≈.≈≈≈≈≈≈ ≈ ≈
≈ ..###PPPP#....≈≈≈≈#≈≈≈≈≈
≈≈≈ ≈≈ ###
#.≈≈≈...H≈≈≈≈≈≈#≈≈≈#≈ ≈≈
≈≈≈≈ #...≈≈≈≈≈≈≈≈≈≈≈≈#≈#≈≈ ≈
≈≈ ≈ ##...≈≈≈≈≈≈≈≈≈≈≈≈≈≈≈ ≈
≈ #..≈≈≈≈≈≈≈≈≈≈≈≈≈≈≈≈≈≈≈ ≈
≈≈≈ * #.≈≈≈≈ ≈ ≈≈≈ ≈ ≈≈ ≈


You could see an alligator snapping turtle, a merfolk impaler, 3 merfolk and 2
manticores.

Vanquished Creatures
  Bai Suzhen (Spider:3)
  Nikola (Spider:4)
  Arachne (Spider:4)
  Rupert (D:15)
  Asterion (Spider:2)
  A kraken (Shoals:2)
  Donald (Spider:4)
  4 emperor scorpions
  4 ghost moths
  6 entropy weavers
  3 spark wasps (Spider:4)
  An ettin (shapeshifter) (D:12)
  2 merfolk javelineers
  8 merfolk impalers
  An ogre mage (D:15)
  Josephine (D:11)
  A yaktaur captain (D:15)
  2 vault guards (D:14)
  A catoblepas (Lair:6)
  4 hydras
  Erolcha (D:11)
  The ghost of Joegoef the Destroyer, a journeyman DEAE of Vehumet (D:14)
  4 centaur warriors
  A death knight (D:13)
  2 merfolk avatars (Shoals:2)
  2 satyrs (Shoals:4)
  8 merfolk aquamancers
  13 two-headed ogres
  Erica (D:8)
  A deep troll shaman (Lair:6)
  An alligator snapping turtle (Shoals:2)
  Urug (D:11)
  4 orc high priests (Orc:2)
  2 tengu warriors
  7 death yaks
  A soul eater (Orc:2)
  2 sixfirhies (Orc:2)
  A fire crab (shapeshifter) (D:15)
  12 skeletal warriors
  18 sea snakes
  A torturous demonspawn (Orc:2)
  2 infernal demonspawn (Orc:2)
  2 wizards (D:14)
  3 unseen horrors
  5 orc knights
  An ugly thing (D:11)
  11 harpies
  2 phantasmal warriors (D:12)
  8 manticores
  2 necromancers
  16 orb spiders
  25 wolf spiders
  8 orc sorcerers
  5 cyclopes
  8 fauns
  An oklob plant (D:12)
  2 water nymphs
  8 elephants
  2 moths of wrath
  2 ice statues (IceCv)
  6 merfolk sirens
  5 gargoyles
  Psyche (D:8)
  4 black mambas
  An orange demon (Orc:2)
  15 spiny frogs
  2 efreet
  5 rime drakes
  3 freezing wraiths (D:13)
  A yaktaur (D:15)
  10 demonic crawlers
  A hellwing (Orc:2)
  8 ice devils (IceCv)
  A harpy zombie (D:15)
  9 komodo dragons
  A redback zombie (D:15)
  14 merfolk
  2 tengu conjurers
  6 slime creatures
  8 hornets
  3 meliai (D:13)
  5 trolls
  6 wind drakes
  30 jumping spiders
  24 blink frogs
  2 polar bears (Lair:6)
  6 snapping turtles
  5 dream sheep
  10 hippogriffs
  2 shadows (D:15)
  27 tarantellas
  2 vampires (D:15)
  3 wyverns
  94 redbacks
  13 yaks
  7 water elementals
  8 wraiths
  A human (shapeshifter) (D:14)
  5 basilisks
  18 humans (D:14)
  4 vampire mosquitoes
  2 hungry ghosts
  2 steam dragons
  A chaos spawn (Orc:2)
  An acid dragon (shapeshifter) (D:13)
  2 soldier ants
  3 wargs
  8 water moccasins
  An acid dragon (D:11)
  Duvessa (D:4)
  A black bear (Lair:6)
  33 orc warriors
  9 porcupines
  5 ice beasts
  3 sky beasts
  9 necrophages
  A hornet zombie (D:10)
  2 phantoms
  2 eyes of draining
  9 ogres
  8 wolves
  3 centaurs
  9 crocodiles
  A big kobold (D:8)
  16 bullfrogs
  2 gnoll sergeants
  4 earth elementals (Spider:4)
  4 scorpions
  A water moccasin skeleton (D:11)
  Dowan (D:4)
  An oklob sapling (D:12)
  16 wights
  3 howler monkeys
  8 crimson imps
  A bullfrog zombie (D:6)
  3 centaur zombies
  A quasit (D:12)
  2 hounds
  7 jellies
  2 bullfrog skeletons
  3 centaur skeletons
  30 orc priests
  28 orc wizards
  Jessica (D:3)
  5 iguanas
  5 yak simulacra (Lair:6)
  2 polar bear simulacra (Lair:6)
  10 worker ants
  3 wolf simulacra (Lair:6)
  A hound zombie (D:5)
  A hound skeleton (D:10)
  3 worker ant zombies
  Robin (D:2)
  A howler monkey zombie (D:9)
  8 gnolls
  A howler monkey skeleton (D:6)
  17 adders
  5 shadow imps
  20 white imps
  5 ufetubi (IceCv)
  2 oozes (D:2)
  2 adder zombies
  3 adder skeletons
  5 worms (D:2)
  2 dart slugs
  5 leopard geckos
  80 orcs
  13 ball pythons
  7 giant cockroaches
  10 goblins
  10 hobgoblins
  10 jackals
  2 quokkas
  4 bats
  7 frilled lizards
  4 kobolds
  A leopard gecko skeleton (D:8)
  8 rats
  A river rat simulacrum (Lair:6)
  2 bushes
  A plant (Shoals:2)
  A tentacle (Shoals:2)
1138 creatures vanquished.

Vanquished Creatures (collateral kills)
  Gastronok (Lair:2)
  2 hydras
  A death yak (Lair:5)
  Pikel (D:8)
  A rime drake (Lair:1)
  A troll (D:9)
  A polar bear (Lair:3)
  4 blink frogs
  A yak (Lair:4)
  Grum (Lair:1)
  A warg (D:9)
  2 orc warriors
  2 porcupines
  A phantom (D:11)
  A wolf (Lair:1)
  A bullfrog (Lair:2)
  An orc priest (D:9)
  A centaur skeleton (D:11)
  2 iguanas
  An adder (D:9)
  2 orcs
  A quokka (D:8)
30 creatures vanquished.

Vanquished Creatures (others)
  A reaper (IceCv)
  A merfolk javelineer (Shoals:1)
  2 centaur warriors (D:15)
  A satyr (Shoals:4)
  A faun (Shoals:4)
  4 cyclopes
  A centaur zombie (D:11)
  A merfolk (Shoals:2)
  2 slaves (D:8)
  2 orc warriors (Orc:2)
  2 centaurs
  A wight (D:12)
  A white imp (IceCv)
  7 ufetubi (IceCv)
  An orc (Orc:2)
  6 fungi
  66 plants
  3 tentacles (Shoals:2)
103 creatures vanquished.

Grand Total: 1271 creatures vanquished

Notes
Turn   | Place    | Note
-------+----------+-------------------------------------------
     0 | D:1      | sking99 the Gnoll Wizard began the quest for the Orb.
     0 | D:1      | Reached XP level 1. HP: 13/13 MP: 8/8
    21 | D:1      | Reached XP level 2. HP: 4/20 MP: 3/10
   401 | D:1      | Learned a level 2 spell: Blink
   404 | D:1      | Learned a level 2 spell: Call Imp
   945 | D:1      | Reached XP level 3. HP: 25/25 MP: 7/11
  1068 | D:1      | Learned a level 3 spell: Conjure Flame
  1072 | D:1      | Learned a level 3 spell: Mephitic Cloud
  1344 | D:2      | Reached skill level 1 in Invocations
  1390 | D:2      | Found a faded altar of an unknown god.
  1565 | D:2      | Reached skill level 1 in Fighting
  1565 | D:2      | Reached skill level 1 in Short Blades
  1565 | D:2      | Reached skill level 1 in Long Blades
  1565 | D:2      | Reached skill level 1 in Axes
  1565 | D:2      | Reached skill level 1 in Maces & Flails
  1565 | D:2      | Reached skill level 1 in Polearms
  1565 | D:2      | Reached skill level 1 in Staves
  1565 | D:2      | Reached skill level 1 in Slings
  1565 | D:2      | Reached skill level 1 in Bows
  1565 | D:2      | Reached skill level 1 in Crossbows
  1565 | D:2      | Reached skill level 1 in Throwing
  1565 | D:2      | Reached skill level 1 in Armour
  1565 | D:2      | Reached skill level 1 in Shields
  1565 | D:2      | Reached skill level 1 in Unarmed Combat
  1565 | D:2      | Reached skill level 1 in Evocations
  1686 | D:2      | Reached XP level 4. HP: 32/32 MP: 8/13
  1805 | D:2      | Noticed Robin
  1826 | D:2      | Killed Robin
  2318 | D:2      | Reached skill level 1 in Hexes
  2318 | D:2      | Reached skill level 1 in Charms
  2318 | D:2      | Reached skill level 1 in Necromancy
  2318 | D:2      | Reached skill level 1 in Transmutations
  2318 | D:2      | Reached skill level 1 in Fire Magic
  2318 | D:2      | Reached skill level 1 in Ice Magic
  2318 | D:2      | Reached skill level 1 in Air Magic
  2318 | D:2      | Reached skill level 1 in Earth Magic
  2318 | D:2      | Reached skill level 1 in Poison Magic
  2472 | D:2      | Reached XP level 5. HP: 37/37 MP: 5/14
  3062 | D:3      | Found a glowing drain.
  3063 | D:3      | Noticed Jessica
  3097 | D:3      | Killed Jessica
  3389 | Sewer    | Entered a sewer
  3515 | Sewer    | Reached XP level 6. HP: 44/44 MP: 9/16
  4403 | D:4      | Found Huugeago's Assorted Antiques.
  4422 | D:4      | Reached skill level 5 in Dodging
  4684 | D:4      | Bought an ancient ruby amulet for 100 gold pieces
  4877 | D:4      | Found an ancient bone altar of Kikubaaqudgha.
  4877 | D:4      | Noticed Duvessa
  4899 | D:4      | Noticed Dowan
  4907 | D:4      | Killed Dowan
  4934 | D:4      | Reached XP level 7. HP: 12/50 MP: 0/18
  5204 | D:4      | Killed Duvessa
  6189 | D:5      | Entered Level 5 of the Dungeon
  6224 | D:5      | Reached skill level 5 in Stealth
  6785 | D:4      | Reached XP level 8. HP: 17/57 MP: 0/19
  7086 | D:4      | Identified the amulet of Sedot {Reflect rPois rC+ SH+5} (You bought it in a shop on level 4 of the Dungeon)
  7953 | D:5      | Found a burning altar of Makhleb.
  8190 | D:6      | Reached skill level 8 in Spellcasting
  8746 | D:6      | Reached XP level 9. HP: 13/64 MP: 8/21
  9762 | D:6      | Found a blossoming altar of Fedhas.
 10527 | D:7      | Found a staircase to the Ecumenical Temple.
 10649 | Temple   | Entered the Ecumenical Temple
 10877 | Temple   | Became a worshipper of Ashenzari the Shackled
 11421 | D:7      | Reached skill level 5 in Invocations
 12572 | D:8      | Noticed a two-headed ogre
 12599 | D:8      | Found a sparkling altar of Nemelex Xobeh.
 12624 | D:8      | Killed a two-headed ogre
 12624 | D:8      | Reached XP level 10. HP: 28/73 MP: 2/22
 12854 | D:8      | Noticed a two-headed ogre
 12872 | D:8      | Killed a two-headed ogre
 12872 | D:8      | Reached skill level 5 in Fighting
 12872 | D:8      | Reached skill level 5 in Short Blades
 12872 | D:8      | Reached skill level 5 in Long Blades
 12872 | D:8      | Reached skill level 5 in Axes
 12872 | D:8      | Reached skill level 5 in Maces & Flails
 12872 | D:8      | Reached skill level 5 in Polearms
 12872 | D:8      | Reached skill level 5 in Staves
 12872 | D:8      | Reached skill level 5 in Slings
 12872 | D:8      | Reached skill level 5 in Bows
 12872 | D:8      | Reached skill level 5 in Crossbows
 12872 | D:8      | Reached skill level 5 in Throwing
 12872 | D:8      | Reached skill level 5 in Armour
 12872 | D:8      | Reached skill level 5 in Shields
 12872 | D:8      | Reached skill level 5 in Unarmed Combat
 12872 | D:8      | Reached skill level 5 in Evocations
 13205 | D:8      | Noticed Psyche
 13234 | D:8      | Killed Psyche
 13234 | D:8      | Reached skill level 9 in Spellcasting
 13705 | D:8      | Reached skill level 5 in Conjurations
 13705 | D:8      | Reached skill level 5 in Summonings
 13705 | D:8      | Reached skill level 5 in Translocations
 13882 | D:8      | Reached * piety under Ashenzari
 14218 | D:8      | Noticed Pikel
 14236 | D:8      | Killed Pikel
 14845 | D:8      | Noticed Erica
 14856 | D:8      | Killed Erica
 14856 | D:8      | Reached XP level 11. HP: 81/81 MP: 11/24
 16254 | D:9      | Found a staircase to the Lair.
 16298 | D:9      | Noticed a two-headed ogre
 16323 | D:9      | Killed a two-headed ogre
 16323 | D:9      | Reached skill level 5 in Hexes
 16323 | D:9      | Reached skill level 5 in Charms
 16323 | D:9      | Reached skill level 5 in Necromancy
 16323 | D:9      | Reached skill level 5 in Transmutations
 16323 | D:9      | Reached skill level 5 in Fire Magic
 16323 | D:9      | Reached skill level 5 in Ice Magic
 16323 | D:9      | Reached skill level 5 in Air Magic
 16323 | D:9      | Reached skill level 5 in Earth Magic
 16323 | D:9      | Reached skill level 5 in Poison Magic
 16445 | D:9      | Reached ** piety under Ashenzari
 16674 | D:10     | Entered Level 10 of the Dungeon
 16963 | D:10     | Found a staircase to the Orcish Mines.
 16963 | D:10     | Noticed a two-headed ogre
 16993 | D:10     | Killed a two-headed ogre
 17477 | D:10     | Found Ocow's Magic Scroll Shop.
 17821 | Lair:1   | Entered Level 1 of the Lair of Beasts
 17968 | D:9      | Learned a level 4 spell: Summon Ice Beast
 17973 | D:9      | Learned a level 4 spell: Throw Icicle
 18894 | Lair:1   | Noticed a six-headed hydra
 19128 | Lair:1   | Killed a six-headed hydra
 19128 | Lair:1   | Reached XP level 12. HP: 89/89 MP: 7/25
 19346 | Lair:1   | Noticed Grum
 19354 | Lair:1   | Killed Grum
 19698 | Lair:2   | Noticed Sonja
 19699 | Lair:2   | Noticed Sonja
 19699 | Lair:2   | Sonja changed into Sonja the rime drake
 19706 | Lair:2   | Killed Sonja the rime drake
 19920 | Lair:2   | Learned a level 5 spell: Fireball
 19958 | Lair:2   | Noticed a six-headed hydra
 19968 | Lair:2   | Killed a six-headed hydra
 19968 | Lair:2   | Reached skill level 10 in Spellcasting
 20872 | Lair:2   | Noticed Gastronok
 20890 | Lair:2   | Killed Gastronok
 21155 | Lair:3   | Reached *** piety under Ashenzari
 22334 | Lair:3   | Found a hole to the Spider Nest.
 23915 | Lair:4   | Reached XP level 13. HP: 98/98 MP: 18/27
 24657 | Lair:4   | Found a staircase to the Shoals.
 24849 | Lair:5   | Reached **** piety under Ashenzari
 25892 | Lair:5   | Found a staircase to the Slime Pits.
 25959 | Lair:5   | Reached skill level 11 in Spellcasting
 25959 | Lair:5   | Reached XP level 14. HP: 106/106 MP: 20/29
 26739 | Lair:6   | Entered Level 6 of the Lair of Beasts
 27332 | Lair:6   | Reached skill level 10 in Dodging
 28841 | Lair:6   | Reached skill level 10 in Stealth
 29136 | Lair:6   | Reached XP level 15. HP: 113/113 MP: 17/30
 29203 | Lair:6   | Reached skill level 10 in Invocations
 29316 | Lair:6   | Learned a level 4 spell: Olgreb's Toxic Radiance
 29322 | Lair:6   | Learned a level 5 spell: Bolt of Magma
 29518 | D:11     | Noticed Urug
 29527 | D:11     | Killed Urug
 30180 | D:11     | Noticed Josephine
 30188 | D:11     | Killed Josephine
 30895 | D:11     | Noticed Erolcha
 30901 | D:11     | Killed Erolcha
 31033 | D:11     | Found Irphotyme's Demolitions Depot.
 32106 | D:12     | Identified the +8 hand axe of Nofukogy {freeze, +Inv rC+++ Str-3 Dex-3} (You took it off an efreet on level 12 of the Dungeon)
 32216 | D:12     | Found a burning altar of Makhleb.
 32675 | D:12     | Identified the Catalogue of Nature
 33413 | D:12     | Reached ***** piety under Ashenzari
 34579 | Orc:1    | Entered Level 1 of the Orcish Mines
 34694 | Orc:1    | Found a frozen archway.
 34915 | IceCv    | Entered an ice cave
 35017 | IceCv    | Learned a level 6 spell: Iron Shot
 35681 | IceCv    | Reached skill level 12 in Spellcasting
 36955 | Orc:2    | Entered Level 2 of the Orcish Mines
 36972 | Orc:2    | Found a roughly hewn altar of Beogh.
 37152 | Orc:2    | Found Puodya's Practical Paraphernalia.
 37208 | Orc:2    | Reached skill level 10 in Fighting
 37208 | Orc:2    | Reached skill level 10 in Short Blades
 37208 | Orc:2    | Reached skill level 10 in Long Blades
 37208 | Orc:2    | Reached skill level 10 in Axes
 37208 | Orc:2    | Reached skill level 10 in Maces & Flails
 37208 | Orc:2    | Reached skill level 10 in Polearms
 37208 | Orc:2    | Reached skill level 10 in Staves
 37208 | Orc:2    | Reached skill level 10 in Slings
 37208 | Orc:2    | Reached skill level 10 in Bows
 37208 | Orc:2    | Reached skill level 10 in Crossbows
 37208 | Orc:2    | Reached skill level 10 in Throwing
 37208 | Orc:2    | Reached skill level 10 in Armour
 37208 | Orc:2    | Reached skill level 10 in Shields
 37208 | Orc:2    | Reached skill level 10 in Unarmed Combat
 37208 | Orc:2    | Reached skill level 10 in Evocations
 37347 | Orc:2    | Found a staircase to the Elven Halls.
 38130 | Orc:2    | Found Moamuw's Distillery.
 38610 | Orc:2    | Reached XP level 16. HP: 122/122 MP: 4/32
 38781 | Orc:2    | Found Uxzoekk's Distillery.
 39997 | Orc:2    | Found Jiaxomp's Antique Armour Shop.
 39997 | Orc:2    | Found a one-way gate leading to the halls of Pandemonium.
 39997 | Orc:2    | Found Hoirch's Gadget Boutique.
 41669 | D:14     | Found a basalt altar of Yredelemnul.
 41916 | D:14     | Found an opulent altar of Gozag.
 41988 | D:14     | Found a runed door.
 41989 | D:14     | Noticed Joegoef's ghost (journeyman DEAE)
 42210 | D:14     | Identified the ring of Belecuj Dim {Wiz MR- Int+3 SInv}
 42919 | D:14     | Found a gate to the Vaults.
 43242 | D:14     | Killed Joegoef's ghost
 43334 | D:15     | Entered Level 15 of the Dungeon
 44109 | D:15     | Noticed Rupert
 44119 | D:15     | Killed Rupert
 44503 | D:15     | Reached XP level 17. HP: 130/130 MP: 28/33
 44508 | D:15     | Found a staircase to the Depths.
 44800 | D:15     | Reached skill level 10 in Ice Magic
 45690 | D:15     | Reached ****** piety under Ashenzari
 46150 | Lair:3   | Learned a level 4 spell: Airstrike
 46193 | Spider:1 | Entered Level 1 of the Spider Nest
 48075 | Spider:1 | Reached skill level 13 in Spellcasting
 48778 | Spider:2 | Noticed Asterion
 48791 | Spider:2 | Killed Asterion
 49762 | Spider:3 | Reached skill level 10 in Conjurations
 49762 | Spider:3 | Reached skill level 10 in Summonings
 49762 | Spider:3 | Reached skill level 10 in Translocations
 51053 | Spider:3 | Reached XP level 18. HP: 108/138 MP: 14/35
 51695 | Spider:3 | Noticed Bai Suzhen
 51703 | Spider:3 | Killed Bai Suzhen
 52212 | Spider:4 | Entered Level 4 of the Spider Nest
 52221 | Spider:4 | Reached skill level 10 in Hexes
 52221 | Spider:4 | Reached skill level 10 in Charms
 52221 | Spider:4 | Reached skill level 10 in Necromancy
 52221 | Spider:4 | Reached skill level 10 in Transmutations
 52221 | Spider:4 | Reached skill level 10 in Fire Magic
 52221 | Spider:4 | Reached skill level 10 in Air Magic
 52221 | Spider:4 | Reached skill level 10 in Earth Magic
 52221 | Spider:4 | Reached skill level 10 in Poison Magic
 53097 | Spider:4 | Noticed Donald
 53104 | Spider:4 | Killed Donald
 53134 | Spider:4 | Noticed Nikola
 53179 | Spider:4 | Killed Nikola
 54184 | Spider:4 | Noticed Arachne
 54200 | Spider:4 | Killed Arachne
 55294 | Spider:4 | Got a gossamer rune of Zot
 55458 | Shoals:1 | Entered Level 1 of the Shoals
 55814 | Shoals:1 | Identified the +9 morningstar "Pidupla" {flame, +Fly rF- rN+++ Dex-2}
 55885 | Shoals:1 | HP: 1/140 [water nymph/the raging water (20)]
 56836 | Shoals:1 | HP: 2/140 [merfolk impaler/trident of protection (14)]
 57675 | Shoals:1 | Reached XP level 19. HP: 146/146 MP: 10/36
 60782 | Shoals:3 | Found Biokhug's Assorted Antiques.
 60892 | Shoals:3 | Reached skill level 14 in Spellcasting
 61647 | Shoals:4 | Entered Level 4 of the Shoals
 62155 | Shoals:4 | Got a barnacled rune of Zot
 62221 | Shoals:4 | Found Imiuvofecs's Assorted Antiques.
 62221 | Shoals:4 | Found Urel's Assorted Antiques.
 62221 | Shoals:4 | Found an opulent altar of Gozag.
 62221 | Shoals:4 | Found a runed gate.
 62221 | Shoals:4 | Found a runed gate.
 62221 | Shoals:4 | Found a runed gate.
 62221 | Shoals:4 | Noticed mopl's ghost (adept DEAs)
 62409 | Shoals:4 | Identified Viwuynut's Handbook of the Ashen Arsonist
 62447 | Shoals:4 | HP: 6/148 [merfolk/spear (11)]
 62447 | Shoals:4 | Slain by a merfolk impaler

Vault maps used:
D:1:      dpeg_arrival_three_smaller_balls, st_stairs_9
D:2:      chequers_ecumenical_altar_simple_redux, minmay_cupped, uniq_robin
D:3:      gup_sewer_entry_glass, minmay_liquid_box, uniq_jessica
D:4:      nicolae_overflow_crystal_walls, first_ration,
          kennysheep_windowed_goal, uniq_duvessa
D:5:      lemuel_coloured_pillars_altar
D:6:      fedhas_altar_decomposition
D:7:      minmay_temple_entry_glassed_door
D:8:      lemuel_round_altar, uniq_psyche, uniq_erica, uniq_pikel
D:9:      erik_lair_orcish_takeover, hangedman_abyss_or_decor_lesser_grid,
          hangedman_fish_farm, billiards_dpeg
D:10:     orc_0_dummy, serial_shops,
          nicolae_shop_temple_entry_statues_fountains, roderic_serpentine_path
D:11:     nicolae_blasting_shop, uniq_erolcha, uniq_urug, uniq_josephine
D:12:     minmay_expanding_squares, basic_altar, introduction_to_nature_2
D:14:     grunt_vaults_entry_tiered, ebering_ghost_inner_flame,
          yredelemnul_altar_generic, hangedman_decor_push,
          kennysheep_minor_cross, nicolae_gozag_seed_capital
D:15:     grunt_enter_depths_snipers, serial_bayou_pond_e, uniq_rupert
Temple:   eino_narrow_crystal_temple
Lair:1:   uniq_grum
Lair:2:   roderic_carrion_pond, uniq_sonja, uniq_gastronok
Lair:3:   nicolae_spider_entry_orb_guardian, beast_lair_carwin_1,
          lemuel_fruit_tree
Lair:4:   elwin_shoals_entry_rocks
Lair:5:   minmay_slime_entry_pillars
Lair:6:   grunt_lair_end_beastmaster, eino_house_with_fridge
Shoals:1: nicolae_shoals_cliffside_cave, nicolae_shoals_mertower
Shoals:2: nicolae_shoals_kraken_intersection
Shoals:3: cheibrodos_shoals_three_sisters, serial_shops, shop_statue,
          ldierk_geyser
Shoals:4: shoals_end_grunt_garden, shoal_ilsuiw, ebering_ghost_gozag,
          nicolae_shoals_circle_sea_wall
Spider:2: uniq_asterion
Spider:3: nicolae_spider_webbed_stairs, nicolae_spider_cling_ruins,
          uniq_bai_suzhen
Spider:4: spider_rune_water, hangedman_stitches_earthworm, uniq_arachne,
          uniq_donald, uniq_nikola
Orc:1:    portal_ice_cave_entry_imps, sword_in_stone
Orc:2:    pf_orc_diabolical, basic_altar, nicolae_alphabet_shops
Sewer:    sewer_co_cracked_pipes
IceCv:    ice_cave_small_demon

Skill      XL: |  1  2  3  4  5  6  7  8  9 10 11 12 13 14 15 16 17 18 19 |
---------------+----------------------------------------------------------+-----
Conjurations   | 2 3 4 5 6 7 8 9 10 11 | 11.0
Summonings     | 2 3 4 5 6 7 8 9 10 11 | 11.0
Translocations | 2 3 4 5 6 7 8 9 10 11 | 11.0
Invocations    | 1 2 3 4 5 6 7 8 9 10 11 12 13 | 13.6
Fighting       | 1 2 3 4 5 6 7 8 9 10 11 12 | 12.6
Short Blades   | 1 2 3 4 5 6 7 8 9 10 11 12 | 12.6
Long Blades    | 1 2 3 4 5 6 7 8 9 10 11 12 | 12.6
Axes           | 1 2 3 4 5 6 7 8 9 10 11 12 | 12.6
Maces & Flails | 1 2 3 4 5 6 7 8 9 10 11 12 | 12.6
Polearms       | 1 2 3 4 5 6 7 8 9 10 11 12 | 12.6
Staves         | 1 2 3 4 5 6 7 8 9 10 11 12 | 12.6
Slings         | 1 2 3 4 5 6 7 8 9 10 11 12 | 12.6
Bows           | 1 2 3 4 5 6 7 8 9 10 11 12 | 12.6
Crossbows      | 1 2 3 4 5 6 7 8 9 10 11 12 | 12.6
Throwing       | 1 2 3 4 5 6 7 8 9 10 11 12 | 12.6
Armour         | 1 2 3 4 5 6 7 8 9 10 11 12 | 12.6
Shields        | 1 2 3 4 5 6 7 8 9 10 11 12 | 12.6
Unarmed Combat | 1 2 3 4 5 6 7 8 9 10 11 12 | 12.6
Evocations     | 1 2 3 4 5 6 7 8 9 10 11 12 | 12.6
Hexes          | 1 2 3 4 5 6 7 8 9 10 | 10.8
Charms         | 1 2 3 4 5 6 7 8 9 10 | 10.8
Necromancy     | 1 2 3 4 5 6 7 8 9 10 | 10.8
Transmutations | 1 2 3 4 5 6 7 8 9 10 | 10.8
Fire Magic     | 1 2 3 4 5 6 7 8 9 10 | 10.8
Ice Magic      | 1 2 3 4 5 6 7 8 9 11 12 | 12.6
Air Magic      | 1 2 3 4 5 6 7 8 9 10 | 10.8
Earth Magic    | 1 2 3 4 5 6 7 8 9 10 | 10.8
Poison Magic   | 1 2 3 4 5 6 7 8 9 10 | 10.8
Dodging        | 5 6 7 8 9 10 11 12 13 | 13.3
Stealth        | 5 6 7 8 9 10 11 12 13 | 13.2
Spellcasting   | 8 9 10 11 12 13 14 | 14.1

Action                   |  1- 3 |  4- 6 |  7- 9 | 10-12 | 13-15 | 16-18 | 19-21 || total
-------------------------+-------+-------+-------+-------+-------+-------+-------++-------
Melee: Unarmed           |     3 |     2 |       |       |       |       |       ||     5
       Spear             |       |    49 |    81 |       |       |       |       ||   130
       Bite              |       |     3 |    14 |     7 |    22 |    49 |    17 ||   112
       Short sword       |       |     1 |       |       |       |       |       ||     1
       Trident           |       |       |   107 |   116 |   208 |       |       ||   431
       Punch             |       |       |     1 |     2 |       |       |       ||     3
       Demon blade       |       |       |       |       |    10 |   203 |       ||   213
       Demon whip        |       |       |       |       |       |   204 |    87 ||   291
 Cast: Magic Dart        |    70 |   212 |   512 |   521 |    58 |       |       ||  1373
       Blink             |     1 |       |     2 |     2 |       |     1 |       ||     6
       Conjure Flame     |       |     4 |    11 |    12 |       |       |       ||    27
       Mephitic Cloud    |       |     3 |     8 |     9 |       |       |       ||    20
       Call Imp          |       |       |    15 |    12 |       |       |       ||    27
       Throw Icicle      |       |       |       |    90 |   328 |   335 |    66 ||   819
       Summon Ice Beast  |       |       |       |    28 |     6 |       |       ||    34
       Fireball          |       |       |       |     6 |    33 |     3 |    16 ||    58
       Bolt of Magma     |       |       |       |       |    24 |    24 |     9 ||    57
       Iron Shot         |       |       |       |       |    14 |   139 |     9 ||   162
       Olgreb's Toxic Ra |       |       |       |       |    13 |    51 |    12 ||    76
       Airstrike         |       |       |       |       |       |    69 |    89 ||   158
Invok: Curse Item        |       |       |     3 |     2 |     2 |     1 |       ||     8
       Scrying           |       |       |       |       |       |       |     2 ||     2
Evoke: Wand              |       |       |       |     1 |       |       |       ||     1
  Use: Scroll            |       |       |    16 |    11 |    13 |     4 |     1 ||    45
       Potion            |       |       |     1 |       |     4 |     5 |     1 ||    11
 Stab: Confused          |       |       |     4 |       |       |       |       ||     4
       Distracted        |       |       |       |     2 |       |       |       ||     2
       Sleeping          |       |       |       |       |     1 |       |       ||     1
       Petrified         |       |       |       |       |       |     2 |       ||     2
  Eat: Chunk             |     2 |     9 |     7 |    32 |    29 |    40 |     9 ||   128
       Ration            |       |       |     6 |     1 |     8 |    13 |     2 ||    30
Armor: Robe              |     6 |    10 |    22 |    21 |    33 |    73 |    22 ||   187
       Troll leather arm |       |       |       |    24 |       |       |       ||    24
Dodge: Dodged            |    23 |    53 |   165 |   184 |   102 |   290 |    69 ||   886
Block: Other             |       |       |    31 |    53 |       |       |       ||    84
       Reflection        |       |       |     2 |     5 |    27 |    20 |    20 ||    74
       Shield            |       |       |       |    10 |   195 |   437 |   119 ||   761
       Rpst.: Demon blade |       |       |       |       |     2 |    32 |       ||    34

Table legend:
 A = Spawn XP
 B = Non-spawn XP
 C = Spawn XP percentage of total XP
 D = Spawn monster count
 E = Non-spawn monster count
 F = Spawn count percentage of total count
 G = Total turns spent on level
                    A         B        C        D         E        F      G
               +---------+---------+-------+---------+---------+-------+---------
         Total |       0 |  342444 |   0.0 |       0 |    1179 |   0.0 | 62447
               +---------+---------+-------+---------+---------+-------+---------
           D:1 |       0 |      39 |   0.0 |       0 |      16 |   0.0 |  1254
           D:2 |       0 |     156 |   0.0 |       0 |      38 |   0.0 |  1723
           D:3 |       0 |     157 |   0.0 |       0 |      19 |   0.0 |  1219
           D:4 |       0 |     752 |   0.0 |       0 |      22 |   0.0 |  2682
           D:5 |       0 |     620 |   0.0 |       0 |      22 |   0.0 |   835
           D:6 |       0 |    1515 |   0.0 |       0 |      30 |   0.0 |  2346
           D:7 |       0 |    1310 |   0.0 |       0 |      32 |   0.0 |  2020
           D:8 |       0 |    4772 |   0.0 |       0 |      29 |   0.0 |  2564
           D:9 |       0 |    3629 |   0.0 |       0 |      31 |   0.0 |  1902
          D:10 |       0 |    1665 |   0.0 |       0 |      11 |   0.0 |  1296
          D:11 |       0 |   13999 |   0.0 |       0 |      50 |   0.0 |  1831
          D:12 |       0 |   14804 |   0.0 |       0 |      60 |   0.0 |  3183
          D:13 |       0 |   11109 |   0.0 |       0 |      27 |   0.0 |  1245
          D:14 |       0 |   12583 |   0.0 |       0 |      48 |   0.0 |  2090
          D:15 |       0 |   24242 |   0.0 |       0 |      51 |   0.0 |  2515
        Lair:1 |       0 |    4585 |   0.0 |       0 |      21 |   0.0 |  1661
        Lair:2 |       0 |    4592 |   0.0 |       0 |      16 |   0.0 |  1604
        Lair:3 |       0 |    7635 |   0.0 |       0 |      32 |   0.0 |  3679
        Lair:4 |       0 |    4315 |   0.0 |       0 |      21 |   0.0 |  1975
        Lair:5 |       0 |   11773 |   0.0 |       0 |      31 |   0.0 |  1642
        Lair:6 |       0 |   15544 |   0.0 |       0 |      49 |   0.0 |  2329
      Shoals:1 |       0 |   21646 |   0.0 |       0 |      42 |   0.0 |  2892
      Shoals:2 |       0 |   16965 |   0.0 |       0 |      32 |   0.0 |  1785
      Shoals:3 |       0 |   16178 |   0.0 |       0 |      27 |   0.0 |  1622
      Shoals:4 |       0 |   17043 |   0.0 |       0 |      24 |   0.0 |   362
      Spider:1 |       0 |   21298 |   0.0 |       0 |      65 |   0.0 |  1363
      Spider:2 |       0 |   14658 |   0.0 |       0 |      29 |   0.0 |   938
      Spider:3 |       0 |   24808 |   0.0 |       0 |      57 |   0.0 |  3382
      Spider:4 |       0 |   43324 |   0.0 |       0 |      80 |   0.0 |  2222
         Orc:1 |       0 |    3704 |   0.0 |       0 |      38 |   0.0 |   967
         Orc:2 |       0 |   19225 |   0.0 |       0 |      95 |   0.0 |  3212
         Sewer |       0 |      37 |   0.0 |       0 |      11 |   0.0 |   452
         IceCv |       0 |    3762 |   0.0 |       0 |      23 |   0.0 |  1412
               +---------+---------+-------+---------+---------+-------+---------
